%YAML 1.1
%TAG !u! tag:unity3d.com,2011:
--- !u!1 &245004028290148199
GameObject:
  m_ObjectHideFlags: 0
  m_CorrespondingSourceObject: {fileID: 0}
  m_PrefabInstance: {fileID: 0}
  m_PrefabAsset: {fileID: 0}
  serializedVersion: 6
  m_Component:
  - component: {fileID: 6994437458594128367}
  m_Layer: 2
  m_Name: RangeAction
  m_TagString: Untagged
  m_Icon: {fileID: 0}
  m_NavMeshLayer: 0
  m_StaticEditorFlags: 0
  m_IsActive: 0
--- !u!4 &6994437458594128367
Transform:
  m_ObjectHideFlags: 0
  m_CorrespondingSourceObject: {fileID: 0}
  m_PrefabInstance: {fileID: 0}
  m_PrefabAsset: {fileID: 0}
  m_GameObject: {fileID: 245004028290148199}
  m_LocalRotation: {x: -0, y: -0, z: -0, w: 1}
  m_LocalPosition: {x: 0, y: 0.01, z: 0}
  m_LocalScale: {x: 1, y: 1, z: 1}
  m_Children:
  - {fileID: 5365541234709503871}
  m_Father: {fileID: 6944306309714330730}
  m_RootOrder: 3
  m_LocalEulerAnglesHint: {x: 0, y: 0, z: 0}
--- !u!1 &1674894432084472001
GameObject:
  m_ObjectHideFlags: 0
  m_CorrespondingSourceObject: {fileID: 0}
  m_PrefabInstance: {fileID: 0}
  m_PrefabAsset: {fileID: 0}
  serializedVersion: 6
  m_Component:
  - component: {fileID: 8293420766579358752}
  - component: {fileID: 1605116779019019935}
  - component: {fileID: 1353262166468668878}
  - component: {fileID: 8323869446131494741}
  m_Layer: 2
  m_Name: Action
  m_TagString: Untagged
  m_Icon: {fileID: 0}
  m_NavMeshLayer: 0
  m_StaticEditorFlags: 0
  m_IsActive: 1
--- !u!4 &8293420766579358752
Transform:
  m_ObjectHideFlags: 0
  m_CorrespondingSourceObject: {fileID: 0}
  m_PrefabInstance: {fileID: 0}
  m_PrefabAsset: {fileID: 0}
  m_GameObject: {fileID: 1674894432084472001}
  m_LocalRotation: {x: 0, y: 0, z: 0, w: 1}
  m_LocalPosition: {x: 0, y: 0, z: 0}
  m_LocalScale: {x: 1, y: 1, z: 1}
  m_Children: []
  m_Father: {fileID: 6944306309714330730}
  m_RootOrder: 4
  m_LocalEulerAnglesHint: {x: 0, y: 0, z: 0}
--- !u!54 &1605116779019019935
Rigidbody:
  m_ObjectHideFlags: 0
  m_CorrespondingSourceObject: {fileID: 0}
  m_PrefabInstance: {fileID: 0}
  m_PrefabAsset: {fileID: 0}
  m_GameObject: {fileID: 1674894432084472001}
  serializedVersion: 2
  m_Mass: 1
  m_Drag: 0
  m_AngularDrag: 0.05
  m_UseGravity: 0
  m_IsKinematic: 1
  m_Interpolate: 0
  m_Constraints: 126
  m_CollisionDetection: 0
--- !u!135 &1353262166468668878
SphereCollider:
  m_ObjectHideFlags: 0
  m_CorrespondingSourceObject: {fileID: 0}
  m_PrefabInstance: {fileID: 0}
  m_PrefabAsset: {fileID: 0}
  m_GameObject: {fileID: 1674894432084472001}
  m_Material: {fileID: 0}
  m_IsTrigger: 1
  m_Enabled: 1
  serializedVersion: 2
  m_Radius: 15
  m_Center: {x: 0, y: 0, z: 0}
--- !u!114 &8323869446131494741
MonoBehaviour:
  m_ObjectHideFlags: 0
  m_CorrespondingSourceObject: {fileID: 0}
  m_PrefabInstance: {fileID: 0}
  m_PrefabAsset: {fileID: 0}
  m_GameObject: {fileID: 1674894432084472001}
  m_Enabled: 1
  m_EditorHideFlags: 0
  m_Script: {fileID: 11500000, guid: 49945459672acd74f925692ee1b58179, type: 3}
  m_Name: 
  m_EditorClassIdentifier: 
  brain: {fileID: 6944306309714330731}
--- !u!1 &2041951751141806189
GameObject:
  m_ObjectHideFlags: 0
  m_CorrespondingSourceObject: {fileID: 0}
  m_PrefabInstance: {fileID: 0}
  m_PrefabAsset: {fileID: 0}
  serializedVersion: 6
  m_Component:
  - component: {fileID: 5727420880097360465}
  m_Layer: 12
  m_Name: Tank
  m_TagString: Untagged
  m_Icon: {fileID: 0}
  m_NavMeshLayer: 0
  m_StaticEditorFlags: 0
  m_IsActive: 1
--- !u!4 &5727420880097360465
Transform:
  m_ObjectHideFlags: 0
  m_CorrespondingSourceObject: {fileID: 0}
  m_PrefabInstance: {fileID: 0}
  m_PrefabAsset: {fileID: 0}
  m_GameObject: {fileID: 2041951751141806189}
  m_LocalRotation: {x: -0, y: -0, z: -0, w: 1}
  m_LocalPosition: {x: 0, y: 0, z: 0}
  m_LocalScale: {x: 1, y: 1, z: 1}
  m_Children:
  - {fileID: 924985428724817552}
  - {fileID: 4975683539049902713}
  m_Father: {fileID: 6944306309714330730}
  m_RootOrder: 1
  m_LocalEulerAnglesHint: {x: 0, y: 0, z: 0}
--- !u!1 &2375976026192934809
GameObject:
  m_ObjectHideFlags: 0
  m_CorrespondingSourceObject: {fileID: 0}
  m_PrefabInstance: {fileID: 0}
  m_PrefabAsset: {fileID: 0}
  serializedVersion: 6
  m_Component:
  - component: {fileID: 4144766842247736993}
  m_Layer: 12
  m_Name: Level_1
  m_TagString: Untagged
  m_Icon: {fileID: 0}
  m_NavMeshLayer: 0
  m_StaticEditorFlags: 0
  m_IsActive: 0
--- !u!4 &4144766842247736993
Transform:
  m_ObjectHideFlags: 0
  m_CorrespondingSourceObject: {fileID: 0}
  m_PrefabInstance: {fileID: 0}
  m_PrefabAsset: {fileID: 0}
  m_GameObject: {fileID: 2375976026192934809}
  m_LocalRotation: {x: 0, y: 0, z: 0, w: 1}
  m_LocalPosition: {x: 0, y: 0, z: 0}
  m_LocalScale: {x: 1, y: 1, z: 1}
  m_Children:
  - {fileID: 5105940117125629054}
  m_Father: {fileID: 6944306309112475489}
  m_RootOrder: 1
  m_LocalEulerAnglesHint: {x: 0, y: 0, z: 0}
--- !u!1 &3095407757391097293
GameObject:
  m_ObjectHideFlags: 0
  m_CorrespondingSourceObject: {fileID: 0}
  m_PrefabInstance: {fileID: 0}
  m_PrefabAsset: {fileID: 0}
  serializedVersion: 6
  m_Component:
  - component: {fileID: 3190403458106245081}
  - component: {fileID: 2893880274260493963}
  m_Layer: 13
  m_Name: RangeBlock
  m_TagString: BlockTower
  m_Icon: {fileID: 0}
  m_NavMeshLayer: 0
  m_StaticEditorFlags: 0
  m_IsActive: 0
--- !u!4 &3190403458106245081
Transform:
  m_ObjectHideFlags: 0
  m_CorrespondingSourceObject: {fileID: 0}
  m_PrefabInstance: {fileID: 0}
  m_PrefabAsset: {fileID: 0}
  m_GameObject: {fileID: 3095407757391097293}
  m_LocalRotation: {x: -0, y: -0, z: -0, w: 1}
  m_LocalPosition: {x: 0, y: 0, z: 0}
  m_LocalScale: {x: 1, y: 1, z: 1}
  m_Children:
  - {fileID: 4382792712592430767}
  m_Father: {fileID: 6944306309714330730}
  m_RootOrder: 2
  m_LocalEulerAnglesHint: {x: 0, y: 0, z: 0}
--- !u!135 &2893880274260493963
SphereCollider:
  m_ObjectHideFlags: 0
  m_CorrespondingSourceObject: {fileID: 0}
  m_PrefabInstance: {fileID: 0}
  m_PrefabAsset: {fileID: 0}
  m_GameObject: {fileID: 3095407757391097293}
  m_Material: {fileID: 0}
  m_IsTrigger: 0
  m_Enabled: 1
  serializedVersion: 2
  m_Radius: 7.5
  m_Center: {x: 0, y: 0, z: 0}
--- !u!1 &6944306308473278079
GameObject:
  m_ObjectHideFlags: 0
  m_CorrespondingSourceObject: {fileID: 0}
  m_PrefabInstance: {fileID: 0}
  m_PrefabAsset: {fileID: 0}
  serializedVersion: 6
  m_Component:
  - component: {fileID: 6944306308473278016}
  m_Layer: 12
  m_Name: Level_0
  m_TagString: Untagged
  m_Icon: {fileID: 0}
  m_NavMeshLayer: 0
  m_StaticEditorFlags: 0
  m_IsActive: 1
--- !u!4 &6944306308473278016
Transform:
  m_ObjectHideFlags: 0
  m_CorrespondingSourceObject: {fileID: 0}
  m_PrefabInstance: {fileID: 0}
  m_PrefabAsset: {fileID: 0}
  m_GameObject: {fileID: 6944306308473278079}
  m_LocalRotation: {x: 0, y: 0, z: 0, w: 1}
  m_LocalPosition: {x: 0, y: 0, z: 0}
  m_LocalScale: {x: 1, y: 1, z: 1}
  m_Children:
  - {fileID: 6430782098436365076}
  m_Father: {fileID: 6944306309112475489}
  m_RootOrder: 0
  m_LocalEulerAnglesHint: {x: 0, y: 0, z: 0}
--- !u!1 &6944306309112475488
GameObject:
  m_ObjectHideFlags: 0
  m_CorrespondingSourceObject: {fileID: 0}
  m_PrefabInstance: {fileID: 0}
  m_PrefabAsset: {fileID: 0}
  serializedVersion: 6
  m_Component:
  - component: {fileID: 6944306309112475489}
  - component: {fileID: 5457886877187439036}
  m_Layer: 16
  m_Name: Model
  m_TagString: PhysicTower
  m_Icon: {fileID: 0}
  m_NavMeshLayer: 0
  m_StaticEditorFlags: 0
  m_IsActive: 1
--- !u!4 &6944306309112475489
Transform:
  m_ObjectHideFlags: 0
  m_CorrespondingSourceObject: {fileID: 0}
  m_PrefabInstance: {fileID: 0}
  m_PrefabAsset: {fileID: 0}
  m_GameObject: {fileID: 6944306309112475488}
  m_LocalRotation: {x: 0, y: 0, z: 0, w: 1}
  m_LocalPosition: {x: 0, y: 0, z: 0}
  m_LocalScale: {x: 1, y: 1, z: 1}
  m_Children:
  - {fileID: 6944306308473278016}
  - {fileID: 4144766842247736993}
  - {fileID: 5845238046140954702}
  m_Father: {fileID: 6944306309714330730}
  m_RootOrder: 0
  m_LocalEulerAnglesHint: {x: 0, y: 0, z: 0}
--- !u!65 &5457886877187439036
BoxCollider:
  m_ObjectHideFlags: 0
  m_CorrespondingSourceObject: {fileID: 0}
  m_PrefabInstance: {fileID: 0}
  m_PrefabAsset: {fileID: 0}
  m_GameObject: {fileID: 6944306309112475488}
  m_Material: {fileID: 0}
  m_IsTrigger: 0
  m_Enabled: 1
  serializedVersion: 2
  m_Size: {x: 2.5, y: 4, z: 2.5}
  m_Center: {x: 0, y: 2, z: 0}
--- !u!1 &6944306309714330727
GameObject:
  m_ObjectHideFlags: 0
  m_CorrespondingSourceObject: {fileID: 0}
  m_PrefabInstance: {fileID: 0}
  m_PrefabAsset: {fileID: 0}
  serializedVersion: 6
  m_Component:
  - component: {fileID: 6944306309714330730}
  - component: {fileID: 6944306309714330728}
  - component: {fileID: 6944306309714330731}
  m_Layer: 2
  m_Name: Regenerator
  m_TagString: DontDestroyBullet
  m_Icon: {fileID: 0}
  m_NavMeshLayer: 0
  m_StaticEditorFlags: 0
  m_IsActive: 1
--- !u!4 &6944306309714330730
Transform:
  m_ObjectHideFlags: 0
  m_CorrespondingSourceObject: {fileID: 0}
  m_PrefabInstance: {fileID: 0}
  m_PrefabAsset: {fileID: 0}
  m_GameObject: {fileID: 6944306309714330727}
  m_LocalRotation: {x: 0, y: 0, z: 0, w: 1}
  m_LocalPosition: {x: 0, y: 0, z: 0}
  m_LocalScale: {x: 1, y: 1, z: 1}
  m_Children:
  - {fileID: 6944306309112475489}
  - {fileID: 5727420880097360465}
  - {fileID: 3190403458106245081}
  - {fileID: 6994437458594128367}
  - {fileID: 8293420766579358752}
  m_Father: {fileID: 0}
  m_RootOrder: 0
  m_LocalEulerAnglesHint: {x: 0, y: 0, z: 0}
--- !u!208 &6944306309714330728
NavMeshObstacle:
  m_ObjectHideFlags: 0
  m_CorrespondingSourceObject: {fileID: 0}
  m_PrefabInstance: {fileID: 0}
  m_PrefabAsset: {fileID: 0}
  m_GameObject: {fileID: 6944306309714330727}
  m_Enabled: 1
  serializedVersion: 3
  m_Shape: 1
  m_Extents: {x: 1, y: 0.5, z: 1}
  m_MoveThreshold: 0.1
  m_Carve: 1
  m_CarveOnlyStationary: 0
  m_Center: {x: 0, y: 0.5, z: 0}
  m_TimeToStationary: 0.5
--- !u!114 &6944306309714330731
MonoBehaviour:
  m_ObjectHideFlags: 0
  m_CorrespondingSourceObject: {fileID: 0}
  m_PrefabInstance: {fileID: 0}
  m_PrefabAsset: {fileID: 0}
  m_GameObject: {fileID: 6944306309714330727}
  m_Enabled: 1
  m_EditorHideFlags: 0
  m_Script: {fileID: 11500000, guid: 08e653a4ef47b774d9ec861e253bfc52, type: 3}
  m_Name: 
  m_EditorClassIdentifier: 
  manager: {fileID: 0}
  level: 0
  model: {fileID: 6944306309112475489}
  rangeBlock: {fileID: 3095407757391097293}
  rangeAction: {fileID: 245004028290148199}
  textTower:
  - GeneratorTower  Level 1
  - GeneratorTower  Level 2
  - GeneratorTower  Level 3
  coolDown: 0a0000000500000001000000
  saleMoney: 500
  costUpLevel: 500
  water: 0a0000000f0000000f000000
  tower: []
--- !u!1 &7530207704039974144
GameObject:
  m_ObjectHideFlags: 0
  m_CorrespondingSourceObject: {fileID: 0}
  m_PrefabInstance: {fileID: 0}
  m_PrefabAsset: {fileID: 0}
  serializedVersion: 6
  m_Component:
  - component: {fileID: 5845238046140954702}
  m_Layer: 12
  m_Name: Level_2
  m_TagString: Untagged
  m_Icon: {fileID: 0}
  m_NavMeshLayer: 0
  m_StaticEditorFlags: 0
  m_IsActive: 0
--- !u!4 &5845238046140954702
Transform:
  m_ObjectHideFlags: 0
  m_CorrespondingSourceObject: {fileID: 0}
  m_PrefabInstance: {fileID: 0}
  m_PrefabAsset: {fileID: 0}
  m_GameObject: {fileID: 7530207704039974144}
  m_LocalRotation: {x: 0, y: 0, z: 0, w: 1}
  m_LocalPosition: {x: 0, y: 0, z: 0}
  m_LocalScale: {x: 1, y: 1, z: 1}
  m_Children:
  - {fileID: 7755137883358421194}
  m_Father: {fileID: 6944306309112475489}
  m_RootOrder: 2
  m_LocalEulerAnglesHint: {x: 0, y: 0, z: 0}
--- !u!1001 &924985428724417552
PrefabInstance:
  m_ObjectHideFlags: 0
  serializedVersion: 2
  m_Modification:
    m_TransformParent: {fileID: 5727420880097360465}
    m_Modifications:
    - target: {fileID: 100000, guid: 9fe5c8b648c42c34585a15df37c63a76, type: 3}
      propertyPath: m_Name
      value: Glass
      objectReference: {fileID: 0}
    - target: {fileID: 100000, guid: 9fe5c8b648c42c34585a15df37c63a76, type: 3}
      propertyPath: m_Layer
      value: 12
      objectReference: {fileID: 0}
    - target: {fileID: 100002, guid: 9fe5c8b648c42c34585a15df37c63a76, type: 3}
      propertyPath: m_Layer
      value: 12
      objectReference: {fileID: 0}
    - target: {fileID: 400000, guid: 9fe5c8b648c42c34585a15df37c63a76, type: 3}
      propertyPath: m_LocalPosition.x
      value: -0
      objectReference: {fileID: 0}
    - target: {fileID: 400000, guid: 9fe5c8b648c42c34585a15df37c63a76, type: 3}
      propertyPath: m_LocalPosition.y
      value: 2
      objectReference: {fileID: 0}
    - target: {fileID: 400000, guid: 9fe5c8b648c42c34585a15df37c63a76, type: 3}
      propertyPath: m_LocalPosition.z
      value: 0
      objectReference: {fileID: 0}
    - target: {fileID: 400000, guid: 9fe5c8b648c42c34585a15df37c63a76, type: 3}
      propertyPath: m_LocalRotation.x
      value: 0
      objectReference: {fileID: 0}
    - target: {fileID: 400000, guid: 9fe5c8b648c42c34585a15df37c63a76, type: 3}
      propertyPath: m_LocalRotation.y
      value: -0
      objectReference: {fileID: 0}
    - target: {fileID: 400000, guid: 9fe5c8b648c42c34585a15df37c63a76, type: 3}
      propertyPath: m_LocalRotation.z
      value: -0
      objectReference: {fileID: 0}
    - target: {fileID: 400000, guid: 9fe5c8b648c42c34585a15df37c63a76, type: 3}
      propertyPath: m_LocalRotation.w
      value: 1
      objectReference: {fileID: 0}
    - target: {fileID: 400000, guid: 9fe5c8b648c42c34585a15df37c63a76, type: 3}
      propertyPath: m_RootOrder
      value: 0
      objectReference: {fileID: 0}
    - target: {fileID: 400000, guid: 9fe5c8b648c42c34585a15df37c63a76, type: 3}
      propertyPath: m_LocalEulerAnglesHint.x
      value: 0
      objectReference: {fileID: 0}
    - target: {fileID: 400000, guid: 9fe5c8b648c42c34585a15df37c63a76, type: 3}
      propertyPath: m_LocalEulerAnglesHint.y
      value: 0
      objectReference: {fileID: 0}
    - target: {fileID: 400000, guid: 9fe5c8b648c42c34585a15df37c63a76, type: 3}
      propertyPath: m_LocalEulerAnglesHint.z
      value: 0
      objectReference: {fileID: 0}
    - target: {fileID: 400000, guid: 9fe5c8b648c42c34585a15df37c63a76, type: 3}
      propertyPath: m_LocalScale.x
      value: 1
      objectReference: {fileID: 0}
    - target: {fileID: 400000, guid: 9fe5c8b648c42c34585a15df37c63a76, type: 3}
      propertyPath: m_LocalScale.y
      value: 1
      objectReference: {fileID: 0}
    - target: {fileID: 400000, guid: 9fe5c8b648c42c34585a15df37c63a76, type: 3}
      propertyPath: m_LocalScale.z
      value: 1
      objectReference: {fileID: 0}
    - target: {fileID: 2300000, guid: 9fe5c8b648c42c34585a15df37c63a76, type: 3}
      propertyPath: m_Materials.Array.data[0]
      value: 
      objectReference: {fileID: 2100000, guid: 2aa28e551c45388419c23bfe4d017401, type: 2}
    m_RemovedComponents: []
  m_SourcePrefab: {fileID: 100100000, guid: 9fe5c8b648c42c34585a15df37c63a76, type: 3}
--- !u!4 &924985428724817552 stripped
Transform:
  m_CorrespondingSourceObject: {fileID: 400000, guid: 9fe5c8b648c42c34585a15df37c63a76,
    type: 3}
  m_PrefabInstance: {fileID: 924985428724417552}
  m_PrefabAsset: {fileID: 0}
--- !u!1001 &4382792712592034863
PrefabInstance:
  m_ObjectHideFlags: 0
  serializedVersion: 2
  m_Modification:
    m_TransformParent: {fileID: 3190403458106245081}
    m_Modifications:
    - target: {fileID: 100000, guid: ba562b8f9d94cf540896c41de6b7d298, type: 3}
      propertyPath: m_Name
      value: PlaneCicle
      objectReference: {fileID: 0}
    - target: {fileID: 100000, guid: ba562b8f9d94cf540896c41de6b7d298, type: 3}
      propertyPath: m_Layer
      value: 13
      objectReference: {fileID: 0}
    - target: {fileID: 100002, guid: ba562b8f9d94cf540896c41de6b7d298, type: 3}
      propertyPath: m_Layer
      value: 13
      objectReference: {fileID: 0}
    - target: {fileID: 400000, guid: ba562b8f9d94cf540896c41de6b7d298, type: 3}
      propertyPath: m_LocalPosition.x
      value: -0
      objectReference: {fileID: 0}
    - target: {fileID: 400000, guid: ba562b8f9d94cf540896c41de6b7d298, type: 3}
      propertyPath: m_LocalPosition.y
      value: 0.02
      objectReference: {fileID: 0}
    - target: {fileID: 400000, guid: ba562b8f9d94cf540896c41de6b7d298, type: 3}
      propertyPath: m_LocalPosition.z
      value: 0
      objectReference: {fileID: 0}
    - target: {fileID: 400000, guid: ba562b8f9d94cf540896c41de6b7d298, type: 3}
      propertyPath: m_LocalRotation.x
      value: 0
      objectReference: {fileID: 0}
    - target: {fileID: 400000, guid: ba562b8f9d94cf540896c41de6b7d298, type: 3}
      propertyPath: m_LocalRotation.y
      value: -0
      objectReference: {fileID: 0}
    - target: {fileID: 400000, guid: ba562b8f9d94cf540896c41de6b7d298, type: 3}
      propertyPath: m_LocalRotation.z
      value: -0
      objectReference: {fileID: 0}
    - target: {fileID: 400000, guid: ba562b8f9d94cf540896c41de6b7d298, type: 3}
      propertyPath: m_LocalRotation.w
      value: 1
      objectReference: {fileID: 0}
    - target: {fileID: 400000, guid: ba562b8f9d94cf540896c41de6b7d298, type: 3}
      propertyPath: m_RootOrder
      value: 0
      objectReference: {fileID: 0}
    - target: {fileID: 400000, guid: ba562b8f9d94cf540896c41de6b7d298, type: 3}
      propertyPath: m_LocalEulerAnglesHint.x
      value: 0
      objectReference: {fileID: 0}
    - target: {fileID: 400000, guid: ba562b8f9d94cf540896c41de6b7d298, type: 3}
      propertyPath: m_LocalEulerAnglesHint.y
      value: 0
      objectReference: {fileID: 0}
    - target: {fileID: 400000, guid: ba562b8f9d94cf540896c41de6b7d298, type: 3}
      propertyPath: m_LocalEulerAnglesHint.z
      value: 0
      objectReference: {fileID: 0}
    - target: {fileID: 400000, guid: ba562b8f9d94cf540896c41de6b7d298, type: 3}
      propertyPath: m_LocalScale.x
      value: 7.5
      objectReference: {fileID: 0}
    - target: {fileID: 400000, guid: ba562b8f9d94cf540896c41de6b7d298, type: 3}
      propertyPath: m_LocalScale.z
      value: 7.5
      objectReference: {fileID: 0}
    - target: {fileID: 400000, guid: ba562b8f9d94cf540896c41de6b7d298, type: 3}
      propertyPath: m_LocalScale.y
      value: 7.5
      objectReference: {fileID: 0}
    - target: {fileID: 2300000, guid: ba562b8f9d94cf540896c41de6b7d298, type: 3}
      propertyPath: m_Materials.Array.data[0]
      value: 
      objectReference: {fileID: 2100000, guid: fb3b092724b141c408796763a8256843, type: 2}
    m_RemovedComponents: []
  m_SourcePrefab: {fileID: 100100000, guid: ba562b8f9d94cf540896c41de6b7d298, type: 3}
--- !u!4 &4382792712592430767 stripped
Transform:
  m_CorrespondingSourceObject: {fileID: 400000, guid: ba562b8f9d94cf540896c41de6b7d298,
    type: 3}
  m_PrefabInstance: {fileID: 4382792712592034863}
  m_PrefabAsset: {fileID: 0}
--- !u!1001 &4975683539050031353
PrefabInstance:
  m_ObjectHideFlags: 0
  serializedVersion: 2
  m_Modification:
    m_TransformParent: {fileID: 5727420880097360465}
    m_Modifications:
    - target: {fileID: 100000, guid: 9fe5c8b648c42c34585a15df37c63a76, type: 3}
      propertyPath: m_Name
      value: Water
      objectReference: {fileID: 0}
    - target: {fileID: 100000, guid: 9fe5c8b648c42c34585a15df37c63a76, type: 3}
      propertyPath: m_Layer
      value: 12
      objectReference: {fileID: 0}
    - target: {fileID: 100002, guid: 9fe5c8b648c42c34585a15df37c63a76, type: 3}
      propertyPath: m_Layer
      value: 12
      objectReference: {fileID: 0}
    - target: {fileID: 400000, guid: 9fe5c8b648c42c34585a15df37c63a76, type: 3}
      propertyPath: m_LocalPosition.x
      value: -0
      objectReference: {fileID: 0}
    - target: {fileID: 400000, guid: 9fe5c8b648c42c34585a15df37c63a76, type: 3}
      propertyPath: m_LocalPosition.y
      value: 2
      objectReference: {fileID: 0}
    - target: {fileID: 400000, guid: 9fe5c8b648c42c34585a15df37c63a76, type: 3}
      propertyPath: m_LocalPosition.z
      value: 0
      objectReference: {fileID: 0}
    - target: {fileID: 400000, guid: 9fe5c8b648c42c34585a15df37c63a76, type: 3}
      propertyPath: m_LocalRotation.x
      value: 0
      objectReference: {fileID: 0}
    - target: {fileID: 400000, guid: 9fe5c8b648c42c34585a15df37c63a76, type: 3}
      propertyPath: m_LocalRotation.y
      value: -0
      objectReference: {fileID: 0}
    - target: {fileID: 400000, guid: 9fe5c8b648c42c34585a15df37c63a76, type: 3}
      propertyPath: m_LocalRotation.z
      value: -0
      objectReference: {fileID: 0}
    - target: {fileID: 400000, guid: 9fe5c8b648c42c34585a15df37c63a76, type: 3}
      propertyPath: m_LocalRotation.w
      value: 1
      objectReference: {fileID: 0}
    - target: {fileID: 400000, guid: 9fe5c8b648c42c34585a15df37c63a76, type: 3}
      propertyPath: m_RootOrder
      value: 1
      objectReference: {fileID: 0}
    - target: {fileID: 400000, guid: 9fe5c8b648c42c34585a15df37c63a76, type: 3}
      propertyPath: m_LocalEulerAnglesHint.x
      value: 0
      objectReference: {fileID: 0}
    - target: {fileID: 400000, guid: 9fe5c8b648c42c34585a15df37c63a76, type: 3}
      propertyPath: m_LocalEulerAnglesHint.y
      value: 0
      objectReference: {fileID: 0}
    - target: {fileID: 400000, guid: 9fe5c8b648c42c34585a15df37c63a76, type: 3}
      propertyPath: m_LocalEulerAnglesHint.z
      value: 0
      objectReference: {fileID: 0}
    - target: {fileID: 400000, guid: 9fe5c8b648c42c34585a15df37c63a76, type: 3}
      propertyPath: m_LocalScale.x
      value: 0.9
      objectReference: {fileID: 0}
    - target: {fileID: 400000, guid: 9fe5c8b648c42c34585a15df37c63a76, type: 3}
      propertyPath: m_LocalScale.y
      value: 1.1
      objectReference: {fileID: 0}
    - target: {fileID: 400000, guid: 9fe5c8b648c42c34585a15df37c63a76, type: 3}
      propertyPath: m_LocalScale.z
      value: 0.9
      objectReference: {fileID: 0}
    - target: {fileID: 2300000, guid: 9fe5c8b648c42c34585a15df37c63a76, type: 3}
      propertyPath: m_Materials.Array.data[0]
      value: 
      objectReference: {fileID: 2100000, guid: 79d443922acf08e4dba346844feedf0e, type: 2}
    m_RemovedComponents: []
  m_SourcePrefab: {fileID: 100100000, guid: 9fe5c8b648c42c34585a15df37c63a76, type: 3}
--- !u!4 &4975683539049902713 stripped
Transform:
  m_CorrespondingSourceObject: {fileID: 400000, guid: 9fe5c8b648c42c34585a15df37c63a76,
    type: 3}
  m_PrefabInstance: {fileID: 4975683539050031353}
  m_PrefabAsset: {fileID: 0}
--- !u!1001 &5105940117126029054
PrefabInstance:
  m_ObjectHideFlags: 0
  serializedVersion: 2
  m_Modification:
    m_TransformParent: {fileID: 4144766842247736993}
    m_Modifications:
    - target: {fileID: 100000, guid: 174055d81e2f54244b7452a28eb97713, type: 3}
      propertyPath: m_Name
      value: Regeneradora1
      objectReference: {fileID: 0}
    - target: {fileID: 100000, guid: 174055d81e2f54244b7452a28eb97713, type: 3}
      propertyPath: m_Layer
      value: 12
      objectReference: {fileID: 0}
    - target: {fileID: 100002, guid: 174055d81e2f54244b7452a28eb97713, type: 3}
      propertyPath: m_Layer
      value: 12
      objectReference: {fileID: 0}
    - target: {fileID: 400000, guid: 174055d81e2f54244b7452a28eb97713, type: 3}
      propertyPath: m_LocalPosition.x
      value: -0
      objectReference: {fileID: 0}
    - target: {fileID: 400000, guid: 174055d81e2f54244b7452a28eb97713, type: 3}
      propertyPath: m_LocalPosition.y
      value: 2.481
      objectReference: {fileID: 0}
    - target: {fileID: 400000, guid: 174055d81e2f54244b7452a28eb97713, type: 3}
      propertyPath: m_LocalPosition.z
      value: 0
      objectReference: {fileID: 0}
    - target: {fileID: 400000, guid: 174055d81e2f54244b7452a28eb97713, type: 3}
      propertyPath: m_LocalRotation.x
      value: 0
      objectReference: {fileID: 0}
    - target: {fileID: 400000, guid: 174055d81e2f54244b7452a28eb97713, type: 3}
      propertyPath: m_LocalRotation.y
      value: -0
      objectReference: {fileID: 0}
    - target: {fileID: 400000, guid: 174055d81e2f54244b7452a28eb97713, type: 3}
      propertyPath: m_LocalRotation.z
      value: -0
      objectReference: {fileID: 0}
    - target: {fileID: 400000, guid: 174055d81e2f54244b7452a28eb97713, type: 3}
      propertyPath: m_LocalRotation.w
      value: 1
      objectReference: {fileID: 0}
    - target: {fileID: 400000, guid: 174055d81e2f54244b7452a28eb97713, type: 3}
      propertyPath: m_RootOrder
      value: 0
      objectReference: {fileID: 0}
    - target: {fileID: 400000, guid: 174055d81e2f54244b7452a28eb97713, type: 3}
      propertyPath: m_LocalEulerAnglesHint.x
      value: 0
      objectReference: {fileID: 0}
    - target: {fileID: 400000, guid: 174055d81e2f54244b7452a28eb97713, type: 3}
      propertyPath: m_LocalEulerAnglesHint.y
      value: 0
      objectReference: {fileID: 0}
    - target: {fileID: 400000, guid: 174055d81e2f54244b7452a28eb97713, type: 3}
      propertyPath: m_LocalEulerAnglesHint.z
      value: 0
      objectReference: {fileID: 0}
    - target: {fileID: 400000, guid: 174055d81e2f54244b7452a28eb97713, type: 3}
      propertyPath: m_LocalScale.x
      value: 1
      objectReference: {fileID: 0}
    - target: {fileID: 400000, guid: 174055d81e2f54244b7452a28eb97713, type: 3}
      propertyPath: m_LocalScale.y
      value: 1
      objectReference: {fileID: 0}
    - target: {fileID: 400000, guid: 174055d81e2f54244b7452a28eb97713, type: 3}
      propertyPath: m_LocalScale.z
      value: 1
      objectReference: {fileID: 0}
    - target: {fileID: 2300000, guid: 174055d81e2f54244b7452a28eb97713, type: 3}
      propertyPath: m_Materials.Array.data[0]
      value: 
      objectReference: {fileID: 2100000, guid: 3dcc5cc44d1f48840a46aabf86531221, type: 2}
    m_RemovedComponents: []
  m_SourcePrefab: {fileID: 100100000, guid: 174055d81e2f54244b7452a28eb97713, type: 3}
--- !u!4 &5105940117125629054 stripped
Transform:
  m_CorrespondingSourceObject: {fileID: 400000, guid: 174055d81e2f54244b7452a28eb97713,
    type: 3}
  m_PrefabInstance: {fileID: 5105940117126029054}
  m_PrefabAsset: {fileID: 0}
--- !u!1001 &5365541234709628415
PrefabInstance:
  m_ObjectHideFlags: 0
  serializedVersion: 2
  m_Modification:
    m_TransformParent: {fileID: 6994437458594128367}
    m_Modifications:
    - target: {fileID: 100000, guid: ba562b8f9d94cf540896c41de6b7d298, type: 3}
      propertyPath: m_Name
      value: PlaneCicle
      objectReference: {fileID: 0}
    - target: {fileID: 400000, guid: ba562b8f9d94cf540896c41de6b7d298, type: 3}
      propertyPath: m_LocalPosition.x
      value: -0
      objectReference: {fileID: 0}
    - target: {fileID: 400000, guid: ba562b8f9d94cf540896c41de6b7d298, type: 3}
      propertyPath: m_LocalPosition.y
      value: 0
      objectReference: {fileID: 0}
    - target: {fileID: 400000, guid: ba562b8f9d94cf540896c41de6b7d298, type: 3}
      propertyPath: m_LocalPosition.z
      value: 0
      objectReference: {fileID: 0}
    - target: {fileID: 400000, guid: ba562b8f9d94cf540896c41de6b7d298, type: 3}
      propertyPath: m_LocalRotation.x
      value: 0
      objectReference: {fileID: 0}
    - target: {fileID: 400000, guid: ba562b8f9d94cf540896c41de6b7d298, type: 3}
      propertyPath: m_LocalRotation.y
      value: -0
      objectReference: {fileID: 0}
    - target: {fileID: 400000, guid: ba562b8f9d94cf540896c41de6b7d298, type: 3}
      propertyPath: m_LocalRotation.z
      value: -0
      objectReference: {fileID: 0}
    - target: {fileID: 400000, guid: ba562b8f9d94cf540896c41de6b7d298, type: 3}
      propertyPath: m_LocalRotation.w
      value: 1
      objectReference: {fileID: 0}
    - target: {fileID: 400000, guid: ba562b8f9d94cf540896c41de6b7d298, type: 3}
      propertyPath: m_RootOrder
      value: 0
      objectReference: {fileID: 0}
    - target: {fileID: 400000, guid: ba562b8f9d94cf540896c41de6b7d298, type: 3}
      propertyPath: m_LocalEulerAnglesHint.x
      value: 0
      objectReference: {fileID: 0}
    - target: {fileID: 400000, guid: ba562b8f9d94cf540896c41de6b7d298, type: 3}
      propertyPath: m_LocalEulerAnglesHint.y
      value: 0
      objectReference: {fileID: 0}
    - target: {fileID: 400000, guid: ba562b8f9d94cf540896c41de6b7d298, type: 3}
      propertyPath: m_LocalEulerAnglesHint.z
      value: 0
      objectReference: {fileID: 0}
    - target: {fileID: 400000, guid: ba562b8f9d94cf540896c41de6b7d298, type: 3}
      propertyPath: m_LocalScale.x
      value: 15
      objectReference: {fileID: 0}
    - target: {fileID: 400000, guid: ba562b8f9d94cf540896c41de6b7d298, type: 3}
      propertyPath: m_LocalScale.z
      value: 15
      objectReference: {fileID: 0}
    - target: {fileID: 400000, guid: ba562b8f9d94cf540896c41de6b7d298, type: 3}
      propertyPath: m_LocalScale.y
      value: 15
      objectReference: {fileID: 0}
    - target: {fileID: 2300000, guid: ba562b8f9d94cf540896c41de6b7d298, type: 3}
      propertyPath: m_Materials.Array.data[0]
      value: 
      objectReference: {fileID: 2100000, guid: e83a250ef1d392b42b445c2bc1f0327d, type: 2}
    m_RemovedComponents: []
  m_SourcePrefab: {fileID: 100100000, guid: ba562b8f9d94cf540896c41de6b7d298, type: 3}
--- !u!4 &5365541234709503871 stripped
Transform:
  m_CorrespondingSourceObject: {fileID: 400000, guid: ba562b8f9d94cf540896c41de6b7d298,
    type: 3}
  m_PrefabInstance: {fileID: 5365541234709628415}
  m_PrefabAsset: {fileID: 0}
--- !u!1001 &6430782098436227476
PrefabInstance:
  m_ObjectHideFlags: 0
  serializedVersion: 2
  m_Modification:
    m_TransformParent: {fileID: 6944306308473278016}
    m_Modifications:
    - target: {fileID: 100000, guid: 3493453ef1828a2468c301e282f6a9de, type: 3}
      propertyPath: m_Name
      value: Regeneradora0
      objectReference: {fileID: 0}
    - target: {fileID: 100000, guid: 3493453ef1828a2468c301e282f6a9de, type: 3}
      propertyPath: m_Layer
      value: 12
      objectReference: {fileID: 0}
    - target: {fileID: 100002, guid: 3493453ef1828a2468c301e282f6a9de, type: 3}
      propertyPath: m_Layer
      value: 12
      objectReference: {fileID: 0}
    - target: {fileID: 400000, guid: 3493453ef1828a2468c301e282f6a9de, type: 3}
      propertyPath: m_LocalPosition.x
      value: -0
      objectReference: {fileID: 0}
    - target: {fileID: 400000, guid: 3493453ef1828a2468c301e282f6a9de, type: 3}
      propertyPath: m_LocalPosition.y
      value: 2
      objectReference: {fileID: 0}
    - target: {fileID: 400000, guid: 3493453ef1828a2468c301e282f6a9de, type: 3}
      propertyPath: m_LocalPosition.z
      value: 0
      objectReference: {fileID: 0}
    - target: {fileID: 400000, guid: 3493453ef1828a2468c301e282f6a9de, type: 3}
      propertyPath: m_LocalRotation.x
      value: 0
      objectReference: {fileID: 0}
    - target: {fileID: 400000, guid: 3493453ef1828a2468c301e282f6a9de, type: 3}
      propertyPath: m_LocalRotation.y
      value: -0
      objectReference: {fileID: 0}
    - target: {fileID: 400000, guid: 3493453ef1828a2468c301e282f6a9de, type: 3}
      propertyPath: m_LocalRotation.z
      value: -0
      objectReference: {fileID: 0}
    - target: {fileID: 400000, guid: 3493453ef1828a2468c301e282f6a9de, type: 3}
      propertyPath: m_LocalRotation.w
      value: 1
      objectReference: {fileID: 0}
    - target: {fileID: 400000, guid: 3493453ef1828a2468c301e282f6a9de, type: 3}
      propertyPath: m_RootOrder
      value: 0
      objectReference: {fileID: 0}
    - target: {fileID: 400000, guid: 3493453ef1828a2468c301e282f6a9de, type: 3}
      propertyPath: m_LocalEulerAnglesHint.x
      value: 0
      objectReference: {fileID: 0}
    - target: {fileID: 400000, guid: 3493453ef1828a2468c301e282f6a9de, type: 3}
      propertyPath: m_LocalEulerAnglesHint.y
      value: 0
      objectReference: {fileID: 0}
    - target: {fileID: 400000, guid: 3493453ef1828a2468c301e282f6a9de, type: 3}
      propertyPath: m_LocalEulerAnglesHint.z
      value: 0
      objectReference: {fileID: 0}
    - target: {fileID: 400000, guid: 3493453ef1828a2468c301e282f6a9de, type: 3}
      propertyPath: m_LocalScale.x
      value: 1
      objectReference: {fileID: 0}
    - target: {fileID: 400000, guid: 3493453ef1828a2468c301e282f6a9de, type: 3}
      propertyPath: m_LocalScale.y
      value: 1
      objectReference: {fileID: 0}
    - target: {fileID: 400000, guid: 3493453ef1828a2468c301e282f6a9de, type: 3}
      propertyPath: m_LocalScale.z
      value: 1
      objectReference: {fileID: 0}
    - target: {fileID: 2300000, guid: 3493453ef1828a2468c301e282f6a9de, type: 3}
      propertyPath: m_Materials.Array.data[0]
      value: 
      objectReference: {fileID: 2100000, guid: 58cc1a877d061a742977bdb053df1363, type: 2}
    m_RemovedComponents: []
  m_SourcePrefab: {fileID: 100100000, guid: 3493453ef1828a2468c301e282f6a9de, type: 3}
--- !u!4 &6430782098436365076 stripped
Transform:
  m_CorrespondingSourceObject: {fileID: 400000, guid: 3493453ef1828a2468c301e282f6a9de,
    type: 3}
  m_PrefabInstance: {fileID: 6430782098436227476}
  m_PrefabAsset: {fileID: 0}
--- !u!1001 &7755137883358820938
PrefabInstance:
  m_ObjectHideFlags: 0
  serializedVersion: 2
  m_Modification:
    m_TransformParent: {fileID: 5845238046140954702}
    m_Modifications:
    - target: {fileID: 100000, guid: 84b2f952a3a61094ca94c3d815a3109e, type: 3}
      propertyPath: m_Name
      value: Regeneradora2
      objectReference: {fileID: 0}
    - target: {fileID: 100000, guid: 84b2f952a3a61094ca94c3d815a3109e, type: 3}
      propertyPath: m_Layer
      value: 12
      objectReference: {fileID: 0}
    - target: {fileID: 100002, guid: 84b2f952a3a61094ca94c3d815a3109e, type: 3}
      propertyPath: m_Layer
      value: 12
      objectReference: {fileID: 0}
    - target: {fileID: 400000, guid: 84b2f952a3a61094ca94c3d815a3109e, type: 3}
      propertyPath: m_LocalPosition.x
      value: -0
      objectReference: {fileID: 0}
    - target: {fileID: 400000, guid: 84b2f952a3a61094ca94c3d815a3109e, type: 3}
      propertyPath: m_LocalPosition.y
      value: 2.494
      objectReference: {fileID: 0}
    - target: {fileID: 400000, guid: 84b2f952a3a61094ca94c3d815a3109e, type: 3}
      propertyPath: m_LocalPosition.z
      value: 0
      objectReference: {fileID: 0}
    - target: {fileID: 400000, guid: 84b2f952a3a61094ca94c3d815a3109e, type: 3}
      propertyPath: m_LocalRotation.x
      value: 0
      objectReference: {fileID: 0}
    - target: {fileID: 400000, guid: 84b2f952a3a61094ca94c3d815a3109e, type: 3}
      propertyPath: m_LocalRotation.y
      value: -0
      objectReference: {fileID: 0}
    - target: {fileID: 400000, guid: 84b2f952a3a61094ca94c3d815a3109e, type: 3}
      propertyPath: m_LocalRotation.z
      value: -0
      objectReference: {fileID: 0}
    - target: {fileID: 400000, guid: 84b2f952a3a61094ca94c3d815a3109e, type: 3}
      propertyPath: m_LocalRotation.w
      value: 1
      objectReference: {fileID: 0}
    - target: {fileID: 400000, guid: 84b2f952a3a61094ca94c3d815a3109e, type: 3}
      propertyPath: m_RootOrder
      value: 0
      objectReference: {fileID: 0}
    - target: {fileID: 400000, guid: 84b2f952a3a61094ca94c3d815a3109e, type: 3}
      propertyPath: m_LocalEulerAnglesHint.x
      value: 0
      objectReference: {fileID: 0}
    - target: {fileID: 400000, guid: 84b2f952a3a61094ca94c3d815a3109e, type: 3}
      propertyPath: m_LocalEulerAnglesHint.y
      value: 0
      objectReference: {fileID: 0}
    - target: {fileID: 400000, guid: 84b2f952a3a61094ca94c3d815a3109e, type: 3}
      propertyPath: m_LocalEulerAnglesHint.z
      value: 0
      objectReference: {fileID: 0}
    - target: {fileID: 400000, guid: 84b2f952a3a61094ca94c3d815a3109e, type: 3}
      propertyPath: m_LocalScale.x
      value: 1
      objectReference: {fileID: 0}
    - target: {fileID: 400000, guid: 84b2f952a3a61094ca94c3d815a3109e, type: 3}
      propertyPath: m_LocalScale.y
      value: 1
      objectReference: {fileID: 0}
    - target: {fileID: 400000, guid: 84b2f952a3a61094ca94c3d815a3109e, type: 3}
      propertyPath: m_LocalScale.z
      value: 1
      objectReference: {fileID: 0}
    - target: {fileID: 2300000, guid: 84b2f952a3a61094ca94c3d815a3109e, type: 3}
      propertyPath: m_Materials.Array.data[0]
      value: 
      objectReference: {fileID: 2100000, guid: 1aa3086b71c974847916d1ac560d0895, type: 2}
    m_RemovedComponents: []
  m_SourcePrefab: {fileID: 100100000, guid: 84b2f952a3a61094ca94c3d815a3109e, type: 3}
--- !u!4 &7755137883358421194 stripped
Transform:
  m_CorrespondingSourceObject: {fileID: 400000, guid: 84b2f952a3a61094ca94c3d815a3109e,
    type: 3}
  m_PrefabInstance: {fileID: 7755137883358820938}
  m_PrefabAsset: {fileID: 0}
